 Dungeon Crawl Stone Soup version 0.28.0-47-ge53b351184 (webtiles) character file.

Game seed: 623668989037571563

2151 hawla the Caller (level 9, -10/35 HPs)
             Began as a Felid Summoner on May 7, 2022.
             Was an Initiate of Gozag.
             Mangled by a troll (12 damage)
             ... on level 6 of the Dungeon.
             The game lasted 00:33:06 (9243 turns).

hawla the Caller (Felid Summoner)                   Turns: 9243, Time: 00:33:07

Health: -10/35     AC:  2    Str:  6    XL:     9   Next: 10%
Magic:  13/21      EV: 18    Int: 19    God:    Gozag
Gold:   307        SH:  0    Dex: 16    Spells: 11/23 levels left
                                        Lives:  0   Deaths: 2

rFire   . . .      SeeInvis +     - Unarmed
rCold   . . .      Faith    .   (shield unavailable)
rNeg    . . .      Spirit   .   (armour unavailable)
rPois   .          Reflect  .   (helmet unavailable)
rElec   .          Harm     .   (cloak unavailable)
rCorr   .          Rampage  .   (gloves unavailable)
Will    +....                   (boots unavailable)
Stlth   +++.......              (no amulet)
HPRegen 0.11/turn               (no ring)
MPRegen 0.17/turn               (no ring)

@: quick
A: very small, claws 1, fangs 3, see invisible, speed 1, shaggy fur 2, stealthy
paws, no weapons or thrown items, no armour, multi-lived
a: Renounce Religion, Potion Petition, Call Merchant, Bribe Branch


You were on level 6 of the Dungeon.
You worshipped Gozag.
Gozag was aware of your devotion.
You visited 2 branches of the dungeon, and saw 7 of its levels.

You collected 422 gold pieces.
You paid 115 gold pieces to Gozag.

Inventory:

Wands
 j - a wand of acid (7)
 n - a wand of mindburst (16)
Scrolls
 d - a scroll of magic mapping
Potions
 g - a potion of attraction
 i - a potion of curing
 k - 2 potions of haste {unknown}
 l - a potion of mutation {unknown}
 m - a potion of degeneration {unknown}
 r - a potion of invisibility {unknown}


   Skills:
 + Level 1.5 Fighting
 + Level 4.3 Dodging
 + Level 5.6 Stealth
 + Level 4.1 Unarmed Combat
 + Level 7.5 Spellcasting
 + Level 1.8 Hexes
 + Level 7.8 Summonings
 + Level 2.0 Air Magic


You had 11 spell levels left.
You knew the following spells:

 Your Spells              Type           Power      Damage    Failure   Level
b - Call Imp              Summ           36%        N/A       1%          2
c - Call Canine Familiar  Summ           36%        N/A       1%          3
d - Summon Guardian Gole  Hex/Summ       25%        N/A       4%          3
e - Summon Lightning Spi  Summ/Air       25%        N/A       13%         4

Your spell library contained the following spells:

 Spells                   Type           Power      Damage    Failure   Level
 Summon Small Mammal      Summ           100%       N/A       1%          1
 Gell's Gravitas          Tloc           7%         N/A       28%         3
 Teleport Other           Tloc           7%         N/A       28%         3
 Summon Mana Viper        Hex/Summ       25%        N/A       36%         5
 Anguish                  Hex/Necr       5%         N/A       54%         4
 Leda's Liquefaction      Hex/Erth       5%         N/A       54%         4
 Lee's Rapid Deconstruct  Erth           3%         3d6*      95%         5
 Conjure Ball Lightning   Conj/Air       5%         3x3d6     100%        6
 Dispersal                Tloc           3%         N/A       100%        6
 Statue Form              Tmut/Erth      4%         N/A       100%        6
 Dragon Form              Tmut           3%         N/A       100%        7
 Discord                  Hex            6%         N/A       100%        8
 Disjunction              Tloc           3%         N/A       100%        8


Dungeon Overview and Level Annotations

Branches:
Dungeon (6/15)             Temple (1/1) D:5

Altars:
Ashenzari
Cheibriados
Fedhas
Gozag
Hepliaklqana
Kikubaaqudgha
Makhleb
Nemelex Xobeh
Okawaru
Qazlal
Ru
Sif Muna
Trog
Uskayaw
Vehumet
Wu Jian
Xom
Yredelemnul
Zin
The Shining One

Shops:
D:5 [


Innate Abilities, Weirdness & Mutations

You have sharp claws.
You have razor-sharp teeth.
You have supernaturally acute eyesight. (SInv)
You cover ground quickly. (Speed+)
You are covered in thick fur. (AC +2)
Your paws help you pounce on unaware monsters.
You are incapable of wielding weapons or throwing items.
You cannot wear armour.
You gain extra lives every three experience levels.


Message History

The troll bites your lightning spire.
The troll claws your lightning spire but does no damage.
The troll claws your lightning spire!
Your hound bites the troll but does no damage.
Your lightning spire shoots out a bolt of lightning at the troll!
The bolt of electricity hits the troll!
Your hound bites the troll but does no damage.
The troll bites your lightning spire! The troll claws your lightning spire!
The troll claws your lightning spire.
Your hound bites the troll but does no damage.
The troll bites your lightning spire!
Your lightning spire is destroyed!
Your lightning spire disappears in a puff of smoke!
Your hound bites the troll.
Your hound bites the troll.
Your hound closely misses the troll.
You barely miss the troll.
The troll is heavily wounded.
The troll misses you. The troll claws you! The troll claws you.
Your hound barely misses the troll.
Your hound bites the troll.
Items here: $ ))) ? [.
You feel better.
The orc hits your hound with a +0 trident!
The troll barely misses you. The troll claws you. The troll claws you!
* * * LOW HITPOINT WARNING * * *
Your hound bites the troll.
You scratch the troll.
The troll is severely wounded.
The orc hits your hound with a +0 trident.
Your guardian golem overheats!
The troll closely misses you. The troll completely misses you.
The troll claws you.
* * * LOW HITPOINT WARNING * * *
Your hound bites the troll.
You barely miss the troll.
The troll is severely wounded.
Your hound closely misses the troll.
The orc closely misses your hound. The troll bites you!
You die...
Your body crumbles into a pile of gold.

# ####
....##$.#
.....ohT@#
$
$.....$9$$+
....$$...#
###$###$##
... $$$ [..
.... .#
..#. ##.


You could see a troll (ally target), an orc, a friendly guardian golem
(summoned, inner flame) and a friendly hound (summoned, sheltered).

Vanquished Creatures
  2 sky beasts (D:6)
  A bullfrog (D:6)
  A water moccasin skeleton (D:5)
  A hound (D:5)
  A centaur skeleton (D:5)
  3 bullfrog skeletons (D:6)
  An iguana (D:5)
  2 orc wizards (D:5)
  A howler monkey zombie (D:6)
  An adder (D:5)
  3 orcs
  2 endoplasms
  2 giant cockroaches (D:1)
  2 hobgoblins (D:1)
  3 jackals
  3 quokkas
  2 ball pythons
  2 bats
  7 goblins
  5 kobolds
  2 rats
47 creatures vanquished.

Vanquished Creatures (collateral kills)
  A water moccasin (D:5)
  3 black bears
  3 ogres
  A sky beast (D:5)
  2 scorpions
  A water moccasin zombie (D:5)
  A howler monkey (D:6)
  A centaur zombie (D:6)
  A gnoll shaman (D:4)
  3 hounds
  6 orc priests
  A bullfrog skeleton (D:6)
  A centaur skeleton (D:5)
  Ijyb (D:3)
  An iguana (D:5)
  Natasha (D:2)
  2 orc wizards
  A scorpion zombie (D:5)
  9 gnolls
  3 adders
  4 worms
  2 dart slugs (D:1)
  15 orcs
  A bat (D:1)
  3 endoplasms
  4 giant cockroaches
  4 goblins
  6 hobgoblins
  8 jackals
  7 kobolds
  2 ball pythons
  A frilled lizard (D:2)
  5 rats (D:1)
105 creatures vanquished.

Vanquished Creatures (others)
  A black bear (D:6)
  An ogre (D:6)
  A hound (D:6)
  2 gnolls (D:4)
  An adder (D:6)
  2 orcs (D:6)
  2 plants (D:1)
10 creatures vanquished.

Grand Total: 162 creatures vanquished

Notes
Turn   | Place    | Note
-------+----------+-------------------------------------------
     0 | D:1      | hawla the Felid Summoner began the quest for the Orb.
     0 | D:1      | Reached XP level 1. HP: 7/7 MP: 4/4
   253 | D:1      | Reached XP level 2. HP: 10/11 MP: 6/6
   416 | D:1      | Found a faded altar of an unknown god.
  1421 | D:1      | Reached XP level 3. HP: 1/14 MP: 2/7
  2113 | D:2      | Learned a level 2 spell: Call Imp
  2117 | D:2      | Learned a level 3 spell: Call Canine Familiar
  2434 | D:2      | Reached skill level 1 in Unarmed Combat
  2843 | D:2      | Noticed Natasha
  2855 | D:2      | Killed Natasha
  2856 | D:2      | Reached XP level 4. HP: 9/18 MP: 1/9
  3123 | D:2      | Reached skill level 1 in Fighting
  3535 | D:3      | Noticed Ijyb
  3558 | D:3      | Killed Ijyb
  3644 | D:3      | Shot with a stone by a goblin
  3645 | D:3      | Reached XP level 3. HP: 0/15 MP: 5/8
  3665 | D:3      | Reached XP level 4. HP: 19/19 MP: 1/9
  3792 | D:3      | Found a shimmering blue altar of Sif Muna.
  3811 | D:3      | Found a glowing silver altar of Zin.
  3812 | D:3      | Found a broken altar of Ashenzari.
  4345 | D:4      | Identified a scroll of acquirement
  4345 | D:4      | Acquired the Disquisition on Curses and Moulding
  4371 | D:4      | Noticed an ogre
  4375 | D:4      | Noticed a black bear
  4528 | D:4      | Reached XP level 5. HP: 21/22 MP: 7/11
  4532 | D:4      | Learned a level 3 spell: Summon Guardian Golem
  4545 | D:4      | Noticed a black bear
  4564 | D:4      | Killed a black bear
  4565 | D:4      | Reached skill level 5 in Stealth
  4704 | D:4      | HP: 1/22 [black bear (6)]
  4704 | D:4      | Killed a black bear
  4705 | D:4      | Reached skill level 5 in Summonings
  4705 | D:4      | Gained mutation: You are covered in thick fur. (AC +2)
                  | [Felid growth]
  4705 | D:4      | Reached XP level 6. HP: 2/25 MP: 0/13
  5422 | D:4      | Found a blossoming altar of Fedhas.
  5429 | D:4      | Reached XP level 7. HP: 28/28 MP: 4/15
  5443 | D:4      | Reached skill level 1 in Hexes
  5463 | D:4      | Killed from afar by an orc priest
  5464 | D:4      | Reached XP level 6. HP: 0/25 MP: 4/14
  5469 | D:4      | Learned a level 4 spell: Summon Lightning Spire
  5494 | D:4      | Reached skill level 5 in Spellcasting
  6034 | D:5      | Entered Level 5 of the Dungeon
  6149 | D:5      | Noticed a water moccasin
  6188 | D:5      | Reached XP level 7. HP: 11/28 MP: 4/16
  6407 | D:5      | Found Kuth's Armour Shop.
  7353 | D:5      | Reached XP level 8. HP: 20/32 MP: 6/18
  7518 | D:5      | Found a staircase to the Ecumenical Temple.
  7530 | Temple   | Entered the Ecumenical Temple
  7846 | Temple   | Became a worshipper of Gozag Ym Sagoz the Greedy
  8765 | D:6      | Noticed a troll
  8774 | D:6      | Reached skill level 1 in Air Magic
  9114 | D:6      | Reached XP level 9. HP: 23/35 MP: 16/21
  9243 | D:6      | Mangled by a troll

Illustrated notes

Levels and vault maps discovered:
D:1:      elethiomel_arrival_diamonds, layout_loops_ring,
          shapermc_ecumenical_altar_mp_urbaneastern, minmay_tetromino_l4
D:2:      layout_loops_corners, st_stairs_12, nrook_mini_vaults, uniq_natasha
D:3:      kennysheep_goblin_castle, layout_rooms,
          mainiacjoe_overflow_divided_tiny, nicolae_sif_muna_condensation
D:4:      layout_rooms, fedhas_altar_1
D:5:      layout_loops_ring, minmay_temple_entry_junction, serial_shops,
          nicolae_stop_n_shop_2
D:6:      hangedman_cross_stitches, layout_gridville, serial_shops,
          nicolae_shop_advertising_works [nicolae_subvault_shop_adworks],
          nicolae_shop_gadgets, uniq_pikel
Temple:   nicolae_temple_elliptical

Skill      XL: |  1  2  3  4  5  6  7  8  9 |
---------------+----------------------------+-----
Stealth        | 3 4 5 |  5.6
Unarmed Combat | 1 2 3 4 |  4.1
Dodging        | 3 4 |  4.3
Fighting       | 1 |  1.5
Spellcasting   | 3 4 5 6 7 |  7.5
Summonings     | 5 6 7 |  7.8
Hexes          | 1 |  1.8
Air Magic      | 1 2 |  2.0

Action                   |  1- 3 |  4- 6 |  7- 9 || total
-------------------------+-------+-------+-------++-------
Melee: Unarmed           |    87 |    68 |   106 ||   261
       Bite              |    10 |     5 |    10 ||    25
       Punch             |     1 |       |     3 ||     4
 Cast: Summon Small Mamm |    34 |    15 |    13 ||    62
       Call Canine Famil |     7 |    19 |    21 ||    47
       Call Imp          |     6 |    22 |    15 ||    43
       Summon Guardian G |       |     9 |     7 ||    16
       Summon Lightning  |       |     4 |    13 ||    17
Evoke: Wand              |       |     1 |       ||     1
  Use: Scroll            |     2 |     3 |     8 ||    13
       Potion            |       |       |     5 ||     5
 Stab: Sleeping          |     5 |     5 |       ||    10
       Distracted        |       |     1 |     2 ||     3
Armor: Skin              |     6 |     4 |    12 ||    22
Dodge: Dodged            |    97 |   106 |   118 ||   321
